 Dungeon Crawl Stone Soup version 0.28-a0-1435-g82390b3a13 (webtiles) character file.

Game seed: 14456264291048537133

235 shadowrider38 the Poker (level 6, 0/43 HPs)
             Began as an Octopode Wanderer on Jan 10, 2022.
             Slain by a centaur skeleton (2 damage)
             ... on level 5 of the Dungeon.
             The game lasted 00:12:13 (3652 turns).

shadowrider38 the Poker (Octopode Wanderer)         Turns: 3652, Time: 00:12:14

Health: 0/43       AC:  1    Str: 10    XL:     6   Next: 5%
Magic:  7/7        EV: 12    Int: 14    God:
Gold:   68         SH:  8    Dex: 15    Spells: 7/7 levels left

rFire   . . .      SeeInvis .   a - +2 trident
rCold   . . .      Faith    .   o - +0 kite shield
rNeg    . . .      Spirit   .   b - +0 hat
rPois   .          Reflect  .   (no amulet)
rElec   .          Harm     .   (no ring)
rCorr   .          Rampage  .   (no ring)
Will    .....                   (no ring)
Stlth   ++++......              (no ring)
HPRegen 0.14/turn               (no ring)
MPRegen 0.10/turn               (no ring)
                                (no ring)
                                (no ring)

@: no status effects
A: almost no armour, amphibious, 8 rings, camouflage 1, gelatinous body 1,
(nimble swimmer 1), tentacles
a: no special abilities


You were on level 5 of the Dungeon.
You visited 1 branch of the dungeon, and saw 5 of its levels.

You collected 68 gold pieces.

Inventory:

Hand Weapons
 a - a +2 trident (weapon)
 g - a +0 spear of venom
Missiles
 c - 19 poisoned darts (quivered)
 f - 114 stones
 m - 2 throwing nets
Armour
 b - a +0 hat (worn)
 o - a +0 kite shield (worn)
Scrolls
 d - a scroll of blinking {unknown}
 e - 2 scrolls of summoning
 h - a scroll of holy word {unknown}
 k - a scroll of enchant weapon
Potions
 i - 4 potions of curing {unknown}
 j - a potion of magic {unknown}
 l - a potion of brilliance {unknown}
 n - a potion of invisibility {unknown}


   Skills:
 - Level 4.0 Fighting
 - Level 4.0 Polearms
 - Level 4.0 Dodging
 - Level 4.0 Stealth
 + Level 2.6 Shields
 - Level 1.0 Spellcasting


You had 7 spell levels left.
You didn't know any spells.
Your spell library contained the following spells:

 Spells                   Type           Power      Damage    Failure   Level
 Corpse Rot               Necr/Air       0%         N/A       77%         2
 Passwall                 Tmut/Erth      0%         N/A       77%         2
 Poisonous Vapours        Pois/Air       0%         N/A       77%         2
 Swiftness                Air            0%         N/A       94%         3


Dungeon Overview and Level Annotations

Branches:
Dungeon (5/15)
 Temple: D:4-7

Altars:

Annotations:
D:1 exclusion: 3 downstairs
D:2 exclusion: upstairs, Sigmund
D:3 exclusion: downstairs, Grinder, Ijyb


Innate Abilities, Weirdness & Mutations

You cannot wear most types of armour.
You are amphibious.
You can wear up to eight rings at the same time.
Your skin changes colour to match your surroundings (Stealth+).
Your rubbery body absorbs attacks. (AC +1, EV +1)
((You are camouflaged when in or above water. (Stealth+)))
You have tentacles for arms and can constrict up to eight enemies at once.


Message History

Unknown command.
You puncture the orc!
You kill the orc!
You barely miss the orc. You grab the orc. You constrict the orc.
You block the orc's attack. The orc closely misses you.
You completely miss the orc. You squeeze the orc.
You kill the orc!
The centaur skeleton closely misses you. x2
You hit the centaur skeleton.
The centaur skeleton is lightly damaged.
The centaur skeleton closely misses you.
You block the centaur skeleton's attack.
The centaur skeleton hits you.
* * * LOW HITPOINT WARNING * * *
The centaur skeleton barely misses you.
Press: ? - help, v - describe, . - travel, g - get item
Here: a centaur skeleton (lightly damaged)
Items here: ( )))) ††.
A stone staircase leading up, spattered with blood.
Unknown command.
Unknown command.
You puncture the centaur skeleton!
The centaur skeleton is heavily damaged.
The centaur skeleton closely misses you.
The centaur skeleton barely misses you.
You block the centaur skeleton's attack. x2
Unknown command.
Unknown command.
You hit the centaur skeleton.
The centaur skeleton is severely damaged.
The centaur skeleton hits you.
* * * LOW HITPOINT WARNING * * *
You block the centaur skeleton's attack.
Unknown command.
Unknown command.
Unknown command.
You hit the centaur skeleton.
The centaur skeleton is almost destroyed.
The centaur skeleton hits you.
You die...

## ### ..
..#####
.# #.....
..#....
.#..Z ..>
#.# #Z##
##@#
........#
...?.##.#
#+## #.#
#.# ...
..# ###


You could see a centaur skeleton.

Vanquished Creatures
  An ogre (D:4)
  Terence (D:1)
  5 adders
  2 worms (D:3)
  2 dart slugs
  7 orcs
  2 bats (D:1)
  4 endoplasms
  4 giant cockroaches
  7 goblins
  6 hobgoblins
  5 jackals
  7 kobolds
  5 quokkas
  2 ball pythons (D:1)
  3 frilled lizards
  4 rats
67 creatures vanquished.

Notes
Turn   | Place    | Note
-------+----------+-------------------------------------------
     0 | D:1      | shadowrider38 the Octopode Wanderer began the quest for the
                  | Orb.
     0 | D:1      | shadowrider38 set off with the following items: a +1
                  | trident, a +0 hat
     0 | D:1      | Reached XP level 1. HP: 17/17 MP: 2/2
   113 | D:1      | Reached skill level 1 in Dodging
   129 | D:1      | Reached XP level 2. HP: 14/22 MP: 3/3
   512 | D:1      | Found a faded altar of an unknown god.
   814 | D:1      | Reached XP level 3. HP: 27/27 MP: 4/4
  1035 | D:2      | Noticed Sigmund
  1226 | D:2      | Noticed Terence
  1774 | D:2      | Reached XP level 4. HP: 24/33 MP: 5/5
  1930 | D:1      | Killed Terence
  2108 | D:3      | Noticed Grinder
  2109 | D:3      | Paralysed by Grinder for 6 turns
  2368 | D:2      | Identified the +6 chain mail "Moec Ejits" {Regen+}
  2623 | D:4      | Noticed an ogre
  2818 | D:3      | Reached XP level 5. HP: 37/37 MP: 6/6
  3245 | D:3      | Noticed Ijyb
  3296 | D:4      | Killed an ogre
  3629 | D:4      | Reached XP level 6. HP: 35/43 MP: 7/7
  3634 | D:5      | Entered Level 5 of the Dungeon
  3651 | D:5      | HP: 2/43 [centaur skeleton (5)]
  3652 | D:5      | Slain by a centaur skeleton

Illustrated notes

Levels and vault maps discovered:
D:1:      giann_horns, layout_basic, shapermc_ecumenical_altar_venn
D:2:      layout_rooms, uniq_crazy_yiuf_cottage, uniq_sigmund, uniq_terence
D:3:      layout_basic, serial_shops, nicolae_shop_waterfront,
          minmay_statues_item, minmay_randomly_rotated_circles, uniq_ijyb,
          uniq_grinder
D:4:      layout_loops_ring, lemuel_blue_sif_altar, kennysheep_doodads
D:5:      layout_basic, portal_sewer_entry_a

Skill      XL: |  1  2  3  4  5 |
---------------+----------------+-----
Dodging        | 1 2 3 4 |  4.0
Stealth        | 3 4 |  4.0
Shields        | 2 |  2.6
Fighting       | |  4.0
Polearms       | |  4.0
Spellcasting   | |  1.0

Action                   |  1- 3 |  4- 6 || total
-------------------------+-------+-------++-------
Melee: Trident           |    73 |    83 ||   156
       Constrict         |    14 |    14 ||    28
       Tentacles         |     7 |    10 ||    17
       Punch             |     1 |     1 ||     2
       Spear             |     8 |     1 ||     9
Throw: Dart              |     6 |     7 ||    13
       Throwing net      |       |     1 ||     1
  Use: Scroll            |       |     2 ||     2
 Stab: Sleeping          |    11 |     7 ||    18
Armor: Skin              |     5 |     1 ||     6
Dodge: Dodged            |    43 |    45 ||    88
Block: Kite shield       |       |    15 ||    15

Table legend: (Time is in decaauts)
 A = Elapsed time spent in this place.
 B = Non-inter-level travel time spent in this place.
 C = Inter-level travel time spent in this place.
 D = Time resting spent in this place.
 E = Time spent auto-exploring this place.
 F = Levels seen in this place.
 G = Mean time per level.
                   A        B        C        D        E       F      G
               +--------+--------+--------+--------+--------+-----+--------+
         Total |   3686 |   3465 |    221 |   1668 |    471 |   5 |  737.2 |
       Dungeon |   3686 |   3465 |    221 |   1668 |    471 |   5 |  737.2 |
               +--------+--------+--------+--------+--------+-----+--------+

Top non-repeatable levels by time:
     D:1: 1714 daAuts
     D:3: 879 daAuts
     D:2: 674 daAuts
     D:4: 395 daAuts
     D:5: 21 daAuts
